[Event "EYCC Girls U10 2021"]
[Site "Tornelo"]
[Date "2021.10.15"]
[Round "2.10"]
[White "Kuzmina, Sofya Vl"]
[Black "Gratskova, Anastasia"]
[Result "0-1"]
[ECO "E01"]
[WhiteElo "1102"]
[BlackElo "1313"]
[Annotator "NA"]
[PlyCount "80"]
[EventDate "2021.10.15"]
[EventType "swiss"]
[EventCountry "NET"]
[SourceTitle "playchess.com"]
[Source "ChessBase"]
[SourceQuality "1"]
[TimeControl "5400+30"]

1. d4 d5 2. c4 e6 3. Nf3 Nf6 4. g3 c6 5. Bg2 Bd6 6. Nc3 O-O 7. Qc2 Nbd7 8. Bg5 h6 9. Bf4 Qc7 10. Qd2 Bxf4 11. gxf4 Ne4 12. Nxe4 dxe4 13. Nh4 Qd8 14. O-O-O Qxh4 15. Bxe4 Nb6 16. Bc2 f5 17. Bb3 Kh8 18. Rhg1 a5 19. d5 Qf6 20. dxc6 bxc6 21. Qe3 Rb8 22. Qc5 a4 23. Bc2 Ba6 24. Rd4 Nxc4 25. e3 Nxb2 26. Qxc6 Bd3 27. Kd2 Bxc2 28. Qxc2 Rfd8 29. Rxd8+ Qxd8+ 30. Ke2 a3 31. Qc3 Qe7 32. Qe5 Rc8 33. Rg6 Rc2+ 34. Kf3 Kh7 35. Rxe6 Qf7 36. Kg2 Qh5 37. Qa5 Qg4+ 38. Kf1 Rc1+ 39. Qe1 Rxe1+ 40. Kxe1 Qd1# 0-1

[Event "EYCC Girls U10 2021"]
[Site "Tornelo"]
[Date "2021.10.15"]
[Round "2.11"]
[White "Semenova, Vasilisa"]
[Black "Berezovskaya, Arina"]
[Result "1/2-1/2"]
[ECO "E32"]
[WhiteElo "1305"]
[BlackElo "1102"]
[Annotator "NA"]
[PlyCount "163"]
[EventDate "2021.10.15"]
[EventType "swiss"]
[EventCountry "NET"]
[SourceTitle "playchess.com"]
[Source "ChessBase"]
[SourceQuality "1"]
[TimeControl "5400+30"]

1. d4 Nf6 2. c4 e6 3. Nc3 Bb4 4. Qc2 O-O 5. Bg5 h6 6. Bh4 c5 7. dxc5 Na6 8. a3 Bxc3+ 9. Qxc3 Nxc5 10. b4 Nce4 11. Qd4 Qb6 12. Bxf6 Nxf6 13. e3 Qxd4 14. exd4 d5 15. c5 Bd7 16. Nf3 Ne4 17. Bd3 Ng5 18. Ne5 Be8 19. h4 Nh7 20. Kd2 f6 21. Nf3 Bh5 22. Rae1 Bxf3 23. gxf3 Rfe8 24. f4 Nf8 25. Bb5 Re7 26. Re3 a6 27. Ba4 b6 28. Bc6 Rc8 29. Ba4 a5 30. Rhe1 axb4 31. axb4 bxc5 32. bxc5 Ra7 33. Bc2 Ra2 34. Kc3 Ra3+ 35. Kd2 Rxe3 36. fxe3 e5 37. Bb3 exd4 38. exd4 Kh8 39. f5 g6 40. fxg6 Nxg6 41. Bxd5 Rd8 42. Be4 f5 43. Bxf5 Rxd4+ 44. Kc3 Rd5 45. Bxg6 Rxc5+ 46. Kd4 Ra5 47. h5 Kg7 48. Re7+ Kf6 49. Ke4 Rc5 50. Rf7+ Kg5 51. Kd4 Ra5 52. Rg7 Kf6 53. Rg8 Ra6 54. Bd3 Rd6+ 55. Ke4 Re6+ 56. Kf4 Kf7 57. Rh8 Rf6+ 58. Kg4 Rd6 59. Bg6+ Kg7 60. Rh7+ Kg8 61. Rxh6 Rd7 62. Kg5 Rg7 63. Kf6 Rc7 64. Ke5 Re7+ 65. Kd6 Ra7 66. Kc5 Rc7+ 67. Kb6 Rg7 68. Be4 Re7 69. Rg6+ Rg7 70. Rd6 Re7 71. Bf5 Re5 72. Bg4 Re4 73. Bf3 Rf4 74. Bd1 Kg7 75. Bc2 Rf6 76. Rxf6 Kxf6 77. h6 Kf7 78. Bh7 Kf6 79. Bf5 Kf7 80. Bh7 Kf6 81. Be4 Kf7 82. Bh7 1/2-1/2

[Event "EYCC Girls U10 2021"]
[Site "Tornelo"]
[Date "2021.10.15"]
[Round "3.1"]
[White "Mateeva, Yana"]
[Black "Preobrazhenskaya, Diana"]
[Result "0-1"]
[ECO "A28"]
[WhiteElo "1299"]
[BlackElo "1764"]
[Annotator "NA"]
[PlyCount "110"]
[EventDate "2021.10.15"]
[EventType "swiss"]
[EventCountry "NET"]
[SourceTitle "playchess.com"]
[Source "ChessBase"]
[SourceQuality "1"]
[TimeControl "5400+30"]

1. c4 e5 2. Nc3 Nf6 3. Nf3 Nc6 4. e3 d5 5. d4 exd4 6. Nxd4 Be7 7. Nxc6 bxc6 8. Be2 O-O 9. O-O Be6 10. Bf3 dxc4 11. Bxc6 Rb8 12. Qe2 Qd6 13. Bf3 Qb6 14. Rb1 Rfd8 15. Bd2 Qa6 16. a3 Rd3 17. Rfd1 Rbd8 18. Be1 Nd7 19. Be4 Nc5 20. Bxd3 cxd3 21. Qh5 Bb3 22. Rd2 Bc2 23. Qe5 Bd6 24. Qf5 Bxb1 25. Nxb1 Qc4 26. Nc3 Nb3 27. Rd1 Bxa3 28. bxa3 d2 29. Bxd2 Qxc3 30. Be1 Nd2 31. Rxd2 Rb8 32. Qd7 Rf8 33. h3 Qxa3 34. Rd1 Qb3 35. Rc1 h6 36. Rxc7 Qb1 37. Qd2 a6 38. Rc1 Qe4 39. Qc2 Qe5 40. Qc3 Qb5 41. Qc4 Qb2 42. Qc2 Qe5 43. Bc3 Qb5 44. Qb2 Qg5 45. Ra1 Qg6 46. Qb1 Qc6 47. Qc1 Rc8 48. Bd2 Qd7 49. Qb2 Qd3 50. Qd4 Qg6 51. Bc3 Rc6 52. Qd8+ Kh7 53. Bd4 Qe4 54. Qa5 Rg6 55. Qe5 Qxg2# 0-1

[Event "EYCC Girls U10 2021"]
[Site "Tornelo"]
[Date "2021.10.15"]
[Round "3.2"]
[White "Beber, Anja"]
[Black "Blinova, Sofia"]
[Result "0-1"]
[ECO "E30"]
[WhiteElo "1552"]
[BlackElo "1297"]
[Annotator "NA"]
[PlyCount "94"]
[EventDate "2021.10.15"]
[EventType "swiss"]
[EventCountry "NET"]
[SourceTitle "playchess.com"]
[Source "ChessBase"]
[SourceQuality "1"]
[TimeControl "5400+30"]

1. d4 Nf6 2. c4 e6 3. Nc3 Bb4 4. Bg5 h6 5. Bh4 Bxc3+ 6. bxc3 c5 7. e3 O-O 8. Bd3 d6 9. Nf3 Nbd7 10. O-O b6 11. e4 e5 12. Bg3 Re8 13. Re1 Qe7 14. Qc2 Bb7 15. Nh4 g6 16. d5 Nh5 17. Qd2 Kh7 18. Qe3 g5 19. Nf5 Qf6 20. Be2 Nf4 21. Bg4 h5 22. Bxf4 exf4 23. Qh3 Ne5 24. Bxh5 Kg8 25. Be2 Bc8 26. Qh6 Qxh6 27. Nxh6+ Kg7 28. Nf5+ Bxf5 29. exf5 Kf6 30. a4 Kxf5 31. a5 g4 32. f3 gxf3 33. gxf3 bxa5 34. Rxa5 Nxf3+ 35. Bxf3 Rxe1+ 36. Kf2 Re7 37. Ra6 Rd8 38. h4 Rb7 39. Ra2 Rdb8 40. Be2 Rh8 41. h5 Ra8 42. Ra6 Rb6 43. Ra1 a6 44. Rg1 Rh8 45. Rg7 Kf6 46. Rg1 Rb2 47. Ra1 Rxh5 0-1

[Event "EYCC Girls U10 2021"]
[Site "Tornelo"]
[Date "2021.10.15"]
[Round "3.3"]
[White "Miroshnik, Irina"]
[Black "Asachenko, Ksenia"]
[Result "0-1"]
[ECO "D08"]
[WhiteElo "1147"]
[BlackElo "1382"]
[Annotator "NA"]
[PlyCount "79"]
[EventDate "2021.10.15"]
[EventType "swiss"]
[EventCountry "NET"]
[SourceTitle "playchess.com"]
[Source "ChessBase"]
[SourceQuality "1"]
[TimeControl "5400+30"]

1. d4 d5 2. c4 e5 3. dxe5 d4 4. Nf3 Nc6 5. h3 Nge7 6. e3 Nf5 7. exd4 Bb4+ 8. Bd2 Nfxd4 9. Bxb4 Nxf3+ 10. Qxf3 Nxb4 11. Qc3 Qe7 12. Nd2 Bf5 13. Rd1 Nxa2 14. Qd4 Nb4 15. Qf4 Nc2+ 16. Ke2 Rd8 17. g4 Bd3+ 18. Kf3 Rd4 19. Bxd3 Rxf4+ 20. Kxf4 Nd4 21. Ne4 O-O 22. Rhe1 Re8 23. Ng3 g5+ 24. Ke3 Qxe5+ 25. Ne4 c5 26. Bb1 Qf4+ 27. Kd3 Qf3+ 28. Kd2 Nb3+ 29. Kc2 Na1+ 30. Kc1 Qf4+ 31. Re3 Nb3+ 32. Kc2 Na1+ 33. Kc1 Kh8 34. Bc2 Nxc2 35. Kxc2 Rxe4 36. Rd8+ Kg7 37. Rxe4 Qxe4+ 38. Kc3 Qf3+ 39. Rd3 Qxf2 40. b3 0-1

[Event "EYCC Girls U10 2021"]
[Site "Tornelo"]
[Date "2021.10.15"]
[Round "3.4"]
[White "Lajdamik, Kinga"]
[Black "Bashirli, Saadat"]
[Result "1/2-1/2"]
[ECO "B27"]
[WhiteElo "1367"]
[BlackElo "1284"]
[Annotator "NA"]
[PlyCount "103"]
[EventDate "2021.10.15"]
[EventType "swiss"]
[EventCountry "NET"]
[SourceTitle "playchess.com"]
[Source "ChessBase"]
[SourceQuality "1"]
[TimeControl "5400+30"]

1. e4 c5 2. Nf3 g6 3. d4 cxd4 4. Qxd4 Nf6 5. Nc3 Nc6 6. Qa4 d6 7. e5 dxe5 8. Nxe5 Bd7 9. Nxd7 Qxd7 10. Be3 Bg7 11. Rd1 Qc8 12. Be2 O-O 13. O-O Rd8 14. Qh4 Qf5 15. Rc1 Ne5 16. h3 Qe6 17. Kh1 Qc6 18. Qb4 Bf8 19. f4 Ned7 20. Bf3 Qe6 21. Rfe1 Qd6 22. Qxd6 exd6 23. Bxb7 Rab8 24. Bf3 Rxb2 25. Bxa7 Rc8 26. Bd4 Rb4 27. Red1 Rxd4 28. Rxd4 Rxc3 29. a4 Ra3 30. Bc6 Nc5 31. Kh2 Bh6 32. g3 Nh5 33. Rg1 Ra2 34. Rg2 Ne6 35. Bd5 Ra1 36. Bxe6 fxe6 37. Re2 Kf7 38. Rb4 Ra3 39. Rg2 Ra1 40. h4 Nf6 41. Rb7+ Kg8 42. Ra7 e5 43. fxe5 dxe5 44. Re2 Rf1 45. Kg2 Rc1 46. Rxe5 Rxc2+ 47. Kh3 Bf8 48. Ra6 Nh5 49. Re3 Rc1 50. Rf3 Rc8 51. Ra7 Bd6 52. Rd3 1/2-1/2

[Event "EYCC Girls U10 2021"]
[Site "Tornelo"]
[Date "2021.10.15"]
[Round "3.5"]
[White "Kutateladze, Anastasia"]
[Black "Sokolova, Regina"]
[Result "1/2-1/2"]
[ECO "B12"]
[WhiteElo "1137"]
[BlackElo "1364"]
[Annotator "NA"]
[PlyCount "54"]
[EventDate "2021.10.15"]
[EventType "swiss"]
[EventCountry "NET"]
[SourceTitle "playchess.com"]
[Source "ChessBase"]
[SourceQuality "1"]
[TimeControl "5400+30"]

1. e4 c6 2. d4 d5 3. e5 Bf5 4. Bd3 Bxd3 5. Qxd3 e6 6. f4 Ne7 7. Ne2 Qa5+ 8. c3 Qa6 9. Qf3 Nd7 10. O-O g6 11. Nd2 Bg7 12. h3 Nf5 13. g4 Ne7 14. Ng3 O-O-O 15. b4 Nb6 16. Nb3 Na4 17. Bd2 Kb8 18. Ne2 b6 19. h4 Nc8 20. Rfe1 Bf8 21. Be3 Be7 22. Bf2 h6 23. g5 Rdf8 24. Rec1 b5 25. Rc2 Ncb6 26. Na5 Na8 27. Nc1 Rc8 1/2-1/2

[Event "EYCC Girls U10 2021"]
[Site "Tornelo"]
[Date "2021.10.15"]
[Round "3.6"]
[White "Bubnova, Uliana"]
[Black "Aydogan, Arya"]
[Result "0-1"]
[ECO "C54"]
[WhiteElo "1333"]
[BlackElo "1250"]
[Annotator "NA"]
[PlyCount "38"]
[EventDate "2021.10.15"]
[EventType "swiss"]
[EventCountry "NET"]
[SourceTitle "playchess.com"]
[Source "ChessBase"]
[SourceQuality "1"]
[TimeControl "5400+30"]

1. e4 e5 2. Nf3 Nc6 3. d4 exd4 4. Bc4 Bc5 5. c3 Nf6 6. e5 d5 7. exf6 dxc4 8. Qe2+ Be6 9. Ng5 Qxf6 10. O-O Bb6 11. cxd4 Nxd4 12. Qe4 O-O-O 13. Na3 Bf5 14. Qe1 Rhe8 15. Be3 h6 16. Nf3 Nxf3+ 17. gxf3 Bh3 18. Qc1 Qxf3 19. Bxb6 Qg2# 0-1

[Event "EYCC Girls U10 2021"]
[Site "Tornelo"]
[Date "2021.10.15"]
[Round "3.10"]
[White "Ashton, Alannah"]
[Black "Valiyeva, Asnad"]
[Result "1-0"]
[ECO "B13"]
[WhiteElo "1294"]
[BlackElo "1173"]
[Annotator "NA"]
[PlyCount "99"]
[EventDate "2021.10.15"]
[EventType "swiss"]
[EventCountry "NET"]
[SourceTitle "playchess.com"]
[Source "ChessBase"]
[SourceQuality "1"]
[TimeControl "5400+30"]

1. e4 c6 2. d4 d5 3. exd5 cxd5 4. c4 Nc6 5. Nf3 Nf6 6. Nc3 Bg4 7. cxd5 Nxd5 8. Qb3 Nxc3 9. bxc3 Bxf3 10. gxf3 Qc7 11. Rb1 Rb8 12. Bb5 a6 13. Bf4 Qxf4 14. Bxc6+ Kd8 15. Qd5+ Qd6 16. Rxb7 Rxb7 17. Bxb7 Qxd5 18. Bxd5 e6 19. Bc4 a5 20. Kd2 Bd6 21. h3 Ke7 22. Rb1 Rc8 23. Rb7+ Kf6 24. Bb3 Ba3 25. Kc2 Bb4 26. c4 Be1 27. Ra7 Bxf2 28. Rxa5 Bxd4 29. a4 e5 30. Rb5 Rc7 31. a5 Rb7 32. Rxb7 Kg6 33. a6 f6 34. a7 Bxa7 35. Rxa7 Kh6 36. c5 g6 37. c6 Kg5 38. Rxh7 Kf4 39. Bd5 f5 40. c7 g5 41. c8=Q e4 42. Rf7 Ke3 43. Qxf5 exf3 44. Qxf3+ Kd4 45. Qe4+ Kc5 46. Rc7+ Kb5 47. Qc4+ Ka5 48. Rc5+ Kb6 49. Qb4+ Ka7 50. Ra5# 1-0

[Event "EYCC Girls U10 2021"]
[Site "Tornelo"]
[Date "2021.10.15"]
[Round "3.11"]
[White "Berezovskaya, Arina"]
[Black "Sultanova, Kristina"]
[Result "0-1"]
[ECO "B22"]
[WhiteElo "1102"]
[BlackElo "1293"]
[Annotator "NA"]
[PlyCount "98"]
[EventDate "2021.10.15"]
[EventType "swiss"]
[EventCountry "NET"]
[SourceTitle "playchess.com"]
[Source "ChessBase"]
[SourceQuality "1"]
[TimeControl "5400+30"]

1. e4 c5 2. Nf3 e6 3. c3 d5 4. exd5 Qxd5 5. d4 Nc6 6. Na3 Nf6 7. Nb5 Qd8 8. Bf4 Nd5 9. Bg3 a6 10. Na3 cxd4 11. Nxd4 Nxd4 12. Qxd4 Qb6 13. Qxb6 Nxb6 14. Nc4 Nxc4 15. Bxc4 Bc5 16. O-O-O O-O 17. Bd6 Bxd6 18. Rxd6 b5 19. Bb3 Bb7 20. f3 Rfd8 21. Rhd1 Rxd6 22. Rxd6 Kf8 23. Rb6 Bc8 24. Bc2 f5 25. Bb3 Ke7 26. c4 Bd7 27. cxb5 axb5 28. Kd2 Kd8 29. Rd6 Ke7 30. Rd3 g5 31. Re3 h5 32. g3 g4 33. f4 Rh8 34. Bc2 Kf6 35. Rd3 Rh7 36. b3 Ke7 37. Re3 Kf6 38. a4 bxa4 39. bxa4 h4 40. Ra3 hxg3 41. hxg3 Bc6 42. Kc3 Rh3 43. Kb4 Bf3 44. a5 Rxg3 45. a6 Rh3 46. a7 Ba8 47. Ra1 g3 48. Rg1 g2 49. Bd1 Rh1 0-1

[Event "EYCC Girls U10 2021"]
[Site "Tornelo"]
[Date "2021.10.15"]
[Round "3.12"]
[White "Figa, Karolina"]
[Black "Ashotia, Barbare"]
[Result "0-1"]
[ECO "D15"]
[WhiteElo "1411"]
[BlackElo "1128"]
[Annotator "NA"]
[PlyCount "138"]
[EventDate "2021.10.15"]
[EventType "swiss"]
[EventCountry "NET"]
[SourceTitle "playchess.com"]
[Source "ChessBase"]
[SourceQuality "1"]
[TimeControl "5400+30"]

1. d4 d5 2. c4 c6 3. Nf3 Nf6 4. Nc3 Bf5 5. cxd5 Nxd5 6. Qb3 Nb6 7. e4 Bg6 8. Be3 N8d7 9. Bd3 e6 10. O-O Bd6 11. Bg5 Qb8 12. h3 O-O 13. Nh4 Bf4 14. Nxg6 hxg6 15. Bxf4 Qxf4 16. Ne2 Qd6 17. e5 Qe7 18. a4 Rab8 19. Ng3 Nd5 20. Ne4 Nf4 21. Rac1 Nb6 22. a5 Nbd5 23. Bc4 Rfd8 24. Nd6 Qc7 25. Qa3 Ne7 26. Qf3 Ned5 27. b4 Qe7 28. Kh2 g5 29. g3 Ng6 30. Bxd5 exd5 31. Qe3 Nf8 32. f4 Rxd6 33. f5 Rh6 34. f6 Qe6 35. g4 Nh7 36. fxg7 Qxg4 37. Rf3 Kxg7 38. Rg1 Qe6 39. Qf4 Rf8 40. Qg3 f6 41. Re3 b6 42. Rf1 Qd7 43. e6 Qe7 44. axb6 axb6 45. Ra1 Re8 46. Rc1 Rc8 47. Qg4 Rh4 48. Qd1 Qd6+ 49. Kg2 Re8 50. e7 Rxe7 51. Rxc6 Qd7 52. Rec3 Qf5 53. Rc7 Qe4+ 54. Kf2 Qf4+ 55. Qf3 Rxc7 56. Rxc7+ Qxc7 57. Qxd5 Rf4+ 58. Ke3 Qc3+ 59. Ke2 Qc2+ 60. Ke3 Qf2+ 61. Kd3 Qf1+ 62. Ke3 Qxh3+ 63. Ke2 Qg4+ 64. Ke3 Qg3+ 65. Qf3 Qxf3+ 66. Kd2 Rxd4+ 67. Kc2 Qd3+ 68. Kb2 Rxb4+ 69. Ka1 Qb1# 0-1

[Event "EYCC Girls U10 2021"]
[Site "Tornelo"]
[Date "2021.10.15"]
[Round "4.1"]
[White "Preobrazhenskaya, Diana"]
[Black "Blinova, Sofia"]
[Result "1-0"]
[ECO "C42"]
[WhiteElo "1764"]
[BlackElo "1297"]
[Annotator "NA"]
[PlyCount "111"]
[EventDate "2021.10.15"]
[EventType "swiss"]
[EventCountry "NET"]
[SourceTitle "playchess.com"]
[Source "ChessBase"]
[SourceQuality "1"]
[TimeControl "5400+30"]

1. e4 e5 2. Nf3 Nf6 3. Nxe5 d6 4. Nf3 Nxe4 5. Nc3 Nf6 6. d4 d5 7. Bg5 Be6 8. Be2 Be7 9. O-O h6 10. Bh4 O-O 11. Ne5 Nfd7 12. Bg3 Bh4 13. Bf4 Bg5 14. Bg3 Bh4 15. f4 Nxe5 16. dxe5 Bxg3 17. hxg3 c6 18. Qd4 f5 19. Na4 b6 20. b4 Nd7 21. c4 a6 22. cxd5 cxd5 23. Bf3 b5 24. Bxd5 Bxd5 25. Qxd5+ Kh8 26. e6 Nf6 27. Qc5 Qd3 28. Rf3 Qd2 29. Nb6 Ne4 30. Qe3 Qxe3+ 31. Rxe3 Rae8 32. Nd7 Rg8 33. Nc5 Nxc5 34. bxc5 Re7 35. Rd1 Rge8 36. Rd6 Ra8 37. Rd7 Rae8 38. c6 Rxe6 39. Rxe6 Rxe6 40. Rd8+ Kh7 41. c7 Rc6 42. c8=Q Rxc8 43. Rxc8 Kg6 44. Rc6+ Kf7 45. Rxa6 Ke7 46. Rb6 Kf7 47. Rxb5 Kf6 48. a4 Ke6 49. a5 Kd6 50. a6 Kc6 51. Rb1 Kc7 52. a7 Kd6 53. a8=Q Kc5 54. Qc8+ Kd4 55. Rd1+ Ke3 56. Qe6# 1-0

[Event "EYCC Girls U10 2021"]
[Site "Tornelo"]
[Date "2021.10.15"]
[Round "4.2"]
[White "Asachenko, Ksenia"]
[Black "Aydogan, Arya"]
[Result "0-1"]
[ECO "C80"]
[WhiteElo "1382"]
[BlackElo "1250"]
[Annotator "NA"]
[PlyCount "102"]
[EventDate "2021.10.15"]
[EventType "swiss"]
[EventCountry "NET"]
[SourceTitle "playchess.com"]
[Source "ChessBase"]
[SourceQuality "1"]
[TimeControl "5400+30"]

1. e4 e5 2. Nf3 Nc6 3. Bb5 a6 4. Ba4 Nf6 5. O-O Nxe4 6. Re1 Nc5 7. Nc3 Be7 8. Nd5 O-O 9. Bxc6 dxc6 10. Nxe7+ Qxe7 11. d4 Ne6 12. dxe5 Rd8 13. Qe2 b6 14. Be3 c5 15. c3 Bb7 16. Rad1 Rd5 17. Rxd5 Bxd5 18. a3 Bb7 19. Rd1 Rd8 20. h3 h6 21. Rd2 Rxd2 22. Bxd2 Qd7 23. Nh4 Qd5 24. f4 c4 25. f5 Nc5 26. f6 Ne4 27. Bf4 Qc5+ 28. Kh2 Qf2 29. Qxf2 Nxf2 30. fxg7 Kxg7 31. Nf5+ Kg6 32. Nxh6 Nd3 33. Be3 Nxb2 34. Ng8 Kf5 35. h4 Be4 36. h5 Nd1 37. Bd4 c5 38. h6 Kg5 39. Nf6 cxd4 40. Nxe4+ Kxh6 41. cxd4 c3 42. Nxc3 Nxc3 43. g4 Kg5 44. Kg3 Ne2+ 45. Kf3 Nxd4+ 46. Ke4 Ne6 47. Kd5 Kxg4 48. Kc6 Kf5 49. Kxb6 Kxe5 50. Kxa6 Nc5+ 51. Kb5 Kd5 0-1

[Event "EYCC Girls U10 2021"]
[Site "Tornelo"]
[Date "2021.10.15"]
[Round "4.3"]
[White "Sultanova, Kristina"]
[Black "Lajdamik, Kinga"]
[Result "1-0"]
[ECO "B14"]
[WhiteElo "1293"]
[BlackElo "1367"]
[Annotator "NA"]
[PlyCount "81"]
[EventDate "2021.10.15"]
[EventType "swiss"]
[EventCountry "NET"]
[SourceTitle "playchess.com"]
[Source "ChessBase"]
[SourceQuality "1"]
[TimeControl "5400+30"]

1. e4 c6 2. d4 d5 3. exd5 cxd5 4. c4 Nf6 5. Nc3 e6 6. Nf3 Bb4 7. Bg5 h6 8. Bh4 Qa5 9. Bxf6 Bxc3+ 10. bxc3 Qxc3+ 11. Nd2 gxf6 12. Rc1 Qxd4 13. cxd5 Nd7 14. dxe6 Qe5+ 15. Be2 fxe6 16. O-O O-O 17. Bf3 Qd6 18. Rb1 Nb6 19. Ne4 Qxd1 20. Rfxd1 Rb8 21. Nc5 e5 22. a4 Kh8 23. Rb4 Na8 24. Na6 bxa6 25. Rxb8 Nb6 26. a5 Na4 27. Rc1 Kg7 28. Rbxc8 Rf7 29. R8c7 Rxc7 30. Rxc7+ Kg6 31. Rc2 f5 32. Bc6 Nb6 33. axb6 axb6 34. Ra2 a5 35. Rb2 b5 36. Bxb5 e4 37. Ra2 e3 38. fxe3 f4 39. exf4 h5 40. Rxa5 h4 41. Bd3+ 1-0

[Event "EYCC Girls U10 2021"]
[Site "Tornelo"]
[Date "2021.10.15"]
[Round "4.4"]
[White "Sokolova, Regina"]
[Black "Ashton, Alannah"]
[Result "1-0"]
[ECO "B55"]
[WhiteElo "1364"]
[BlackElo "1294"]
[Annotator "NA"]
[PlyCount "112"]
[EventDate "2021.10.15"]
[EventType "swiss"]
[EventCountry "NET"]
[SourceTitle "playchess.com"]
[Source "ChessBase"]
[SourceQuality "1"]
[TimeControl "5400+30"]

1. e4 c5 2. Nf3 d6 3. d4 cxd4 4. Nxd4 Nf6 5. f3 e5 6. Nb3 d5 7. Bg5 Be6 8. Bxf6 gxf6 9. exd5 Qxd5 10. Qxd5 Bxd5 11. Nc3 Be6 12. O-O-O Nc6 13. Bb5 Rc8 14. Na5 Bh6+ 15. Kb1 Kf8 16. Nxb7 Nd4 17. Bd3 Ke7 18. Na5 Rhg8 19. Rhg1 f5 20. Nb3 Be3 21. Rge1 f4 22. Bf1 Bf5 23. Nd5+ Kf8 24. Nxe3 fxe3 25. Nxd4 exd4 26. Rxd4 Rxc2 27. Ka1 Kg7 28. Rdd1 Re8 29. Re2 Rd2 30. Rexd2 exd2 31. Bb5 Re1 32. Ba4 Bd3 33. b4 Be2 34. Rb1 Rxb1+ 35. Kxb1 d1=Q+ 36. Bxd1 Bxd1 37. Kb2 Be2 38. a4 a6 39. Kc3 Kf6 40. Kd4 Ke6 41. Kc5 Kd7 42. b5 axb5 43. axb5 Kc7 44. b6+ Kb7 45. Kd6 Bd3 46. Ke7 Bg6 47. f4 Kxb6 48. g4 Kc6 49. f5 Kd5 50. fxg6 fxg6 51. Kf6 Ke4 52. Kg5 Kf3 53. h4 Kg3 54. h5 gxh5 55. gxh5 Kh3 56. h6 Kg3 1-0

[Event "EYCC Girls U10 2021"]
[Site "Tornelo"]
[Date "2021.10.15"]
[Round "4.5"]
[White "Bashirli, Saadat"]
[Black "Gratskova, Anastasia"]
[Result "1-0"]
[ECO "B52"]
[WhiteElo "1284"]
[BlackElo "1313"]
[Annotator "NA"]
[PlyCount "125"]
[EventDate "2021.10.15"]
[EventType "swiss"]
[EventCountry "NET"]
[SourceTitle "playchess.com"]
[Source "ChessBase"]
[SourceQuality "1"]
[TimeControl "5400+30"]

1. e4 c5 2. Nf3 d6 3. Bb5+ Bd7 4. Bxd7+ Qxd7 5. c4 e5 6. Nc3 Nf6 7. d3 g6 8. Bg5 Bg7 9. O-O h6 10. Bxf6 Bxf6 11. Qd2 Bg7 12. a3 O-O 13. b4 b6 14. b5 f5 15. Nd5 Qd8 16. a4 Nd7 17. a5 Rf7 18. axb6 axb6 19. Rxa8 Qxa8 20. Qc3 Qb8 21. Ra1 Nf6 22. Nxf6+ Bxf6 23. Qa3 fxe4 24. dxe4 Kg7 25. Qa8 Qc7 26. Qd5 Qd7 27. h3 Bd8 28. Rd1 Rf6 29. Nxe5 Qe8 30. Ng4 Re6 31. f3 h5 32. Nf2 Qf7 33. Qc6 Qe7 34. Ra1 Rf6 35. Qa8 Rf7 36. Qd5 Rf6 37. Nd1 Qc7 38. Ne3 Rf7 39. Rd1 Be7 40. Qd3 Qa7 41. Nd5 Bd8 42. Qe3 Qb8 43. Kh1 Bf6 44. Nxf6 Rxf6 45. Qg5 Qc7 46. Qd5 Kh7 47. Ra1 Rf8 48. Qe6 Qg7 49. Rd1 Rf6 50. Qe8 Qc7 51. Re1 Rf7 52. Qe6 Re7 53. Qd5 Kg7 54. Rd1 Rd7 55. e5 Rd8 56. exd6 Qd7 57. Qc6 Qa7 58. d7 Qa4 59. Qd6 Kh6 60. Qd3 Qa8 61. Re1 Qa7 62. Qe3+ Kg7 63. Qe7+ 1-0

[Event "EYCC Girls U10 2021"]
[Site "Tornelo"]
[Date "2021.10.15"]
[Round "4.6"]
[White "Semenova, Vasilisa"]
[Black "Kutateladze, Anastasia"]
[Result "1-0"]
[ECO "E34"]
[WhiteElo "1305"]
[BlackElo "1137"]
[Annotator "NA"]
[PlyCount "83"]
[EventDate "2021.10.15"]
[EventType "swiss"]
[EventCountry "NET"]
[SourceTitle "playchess.com"]
[Source "ChessBase"]
[SourceQuality "1"]
[TimeControl "5400+30"]

1. d4 Nf6 2. c4 e6 3. Nc3 Bb4 4. Qc2 d5 5. Bg5 c5 6. e3 h6 7. Bxf6 Qxf6 8. a3 Bxc3+ 9. bxc3 Nd7 10. Nf3 O-O 11. Be2 Kh8 12. O-O g5 13. Nd2 Qg7 14. cxd5 exd5 15. Bf3 cxd4 16. cxd4 Nb6 17. a4 g4 18. Be2 f5 19. a5 Nd7 20. f3 g3 21. h3 f4 22. Qd3 Nf6 23. e4 dxe4 24. fxe4 Nh7 25. Nf3 a6 26. d5 Bd7 27. e5 Bb5 28. Qe4 Bxe2 29. Qxe2 Ng5 30. Nxg5 Qxg5 31. Rae1 Qe7 32. e6 Qc5+ 33. Kh1 Qxd5 34. e7 Rfe8 35. Rxf4 Rac8 36. Qb2+ Kh7 37. Qb1+ Kg7 38. Rg4+ Qg5 39. Rxg5+ hxg5 40. Qf5 Rxe7 41. Rxe7+ Kh8 42. Qh7# 1-0

[Event "EYCC Girls U10 2021"]
[Site "Tornelo"]
[Date "2021.10.15"]
[Round "4.8"]
[White "Ashotia, Barbare"]
[Black "Sunea, Sara Maria"]
[Result "1/2-1/2"]
[ECO "B22"]
[WhiteElo "1128"]
[BlackElo "1342"]
[Annotator "NA"]
[PlyCount "111"]
[EventDate "2021.10.15"]
[EventType "swiss"]
[EventCountry "NET"]
[SourceTitle "playchess.com"]
[Source "ChessBase"]
[SourceQuality "1"]
[TimeControl "5400+30"]

1. e4 c5 2. c3 d5 3. exd5 Qxd5 4. d4 cxd4 5. cxd4 Nc6 6. Nf3 Bg4 7. Be2 Nf6 8. Nc3 Qd7 9. h3 Bxf3 10. Bxf3 Nxd4 11. O-O Nxf3+ 12. Qxf3 Qc6 13. Qxc6+ bxc6 14. b3 Nd5 15. Bb2 Nf4 16. Rfd1 Rd8 17. Rxd8+ Kxd8 18. Ne4 f6 19. Kh2 e5 20. g3 Nd5 21. Rd1 Kc7 22. a3 Be7 23. b4 Nb6 24. Rc1 Kb7 25. Rc2 Rd8 26. Kg2 Na4 27. Bc1 Rd4 28. Nc3 Nxc3 29. Rxc3 Bd8 30. Be3 Rd5 31. h4 Bb6 32. Bc1 Bd4 33. Rc2 a5 34. Bd2 Bb6 35. Rb2 axb4 36. axb4 Rb5 37. Rc2 e4 38. Rc4 Rf5 39. Bf4 g5 40. hxg5 fxg5 41. Be3 Bxe3 42. fxe3 Re5 43. g4 Kb6 44. Kf2 h6 45. Kg3 Kc7 46. Rd4 Kb7 47. Rc4 Kb6 48. Kf2 Kc7 49. Rd4 Re6 50. Kg3 Kb6 51. Kg2 Kb5 52. Kg3 c5 53. bxc5 Kxc5 54. Kg2 Kc6 55. Kg3 Re8 56. Kg2 1/2-1/2

[Event "EYCC Girls U10 2021"]
[Site "Tornelo"]
[Date "2021.10.15"]
[Round "4.9"]
[White "Siskou, Evangelia"]
[Black "Nahapetyan, Ani"]
[Result "1/2-1/2"]
[ECO "B31"]
[WhiteElo "1341"]
[BlackElo "1075"]
[Annotator "NA"]
[PlyCount "92"]
[EventDate "2021.10.15"]
[EventType "swiss"]
[EventCountry "NET"]
[SourceTitle "playchess.com"]
[Source "ChessBase"]
[SourceQuality "1"]
[TimeControl "5400+30"]

1. e4 c5 2. Nf3 Nc6 3. Bb5 g6 4. Bxc6 dxc6 5. O-O Bg7 6. d3 h6 7. Nc3 Nf6 8. Be3 b6 9. h3 Nd7 10. Nh2 Nf8 11. Rb1 Ne6 12. Ne2 a5 13. f4 Nd4 14. c3 Nxe2+ 15. Qxe2 f5 16. Qf3 Qc7 17. Rbc1 fxe4 18. dxe4 Rf8 19. Qg3 g5 20. h4 Be6 21. a3 Bf6 22. e5 gxh4 23. Qg6+ Bf7 24. Qg4 Rg8 25. Qh3 Rg3 26. Qf5 Bd5 27. Nf3 Bh8 28. e6 O-O-O 29. Bf2 Rg7 30. Nxh4 Rdg8 31. Kh1 Bxg2+ 32. Nxg2 Rxg2 33. Rg1 Rxg1+ 34. Rxg1 Rxg1+ 35. Kxg1 Qd8 36. Qg4 Qf8 37. Qg2 Kb7 38. Qg4 Qg7 39. Qxg7 Bxg7 40. Bh4 Bf8 41. f5 Kc7 42. Bg3+ Kd8 43. Kf2 b5 44. Ke2 Bg7 45. Kd3 Bf6 46. b3 Bg7 1/2-1/2